 Dungeon Crawl Stone Soup version 0.31.0-1-g2c135a008e (webtiles) character file.

Game seed: 5921764149996734580

263 qw the Shooter (level 6, -1/46 HPs)
             Began as a Djinni Hunter on Jan 24, 2024.
             Slain by a black bear (8 damage)
             ... on level 4 of the Dungeon.
             The game lasted 00:00:09 (2696 turns).

qw the Shooter (Djinni Hunter)                      Turns: 2696, Time: 00:00:10

Health: -1/46      AC:  8    Str: 10    XL:     6   Next: 43%
Gold:   217        EV: 11    Int: 10    God:
                   SH:  0    Dex: 19

rFire   + + .        a - +1 shortbow
rCold   x . .        (shield currently unavailable)
rNeg    . . .        d - +0 ring mail
rPois   inf          c - +2 helmet
rElec   .            (no cloak)
rCorr   .            (no gloves)
SInv    .            (boots unavailable)
Will    .....        g - amulet of regeneration
Stlth   +            b - +4 ring of slaying {mikee}
HPRegen 1.07/turn    (no ring)
MPRegen 0.00/turn

%: infuse magic (-2 HP)
@: flying
A: sickness immunity, fire resistance 2, cold vulnerability 1, float, innate
caster, HP casting, extra vitality 1
a: no special abilities


You were on level 4 of the Dungeon.
You visited 1 branch of the dungeon, and saw 4 of its levels.

You collected 217 gold pieces.


Innate Abilities, Weirdness & Mutations

You are immune to sickness and miasma.
You are immune to poison.
Your flesh is very heat resistant. (rF++)
You are vulnerable to cold. (rC-)
You float through the air rather than walking.
You learn spells naturally, not from books.
Your magical power is your life essence.
You have superior vitality. (+4 MHP)


   Skills:
 + Level 3.3 Fighting
 - Level 5.1 Ranged Weapons
 - Level 1.0 Armour
 - Level 3.1 Dodging
 - Level 0.7 Stealth


You knew the following spells:

 Your Spells              Type           Power      Damage    Failure   Level
a - Freeze                Ice            0%         1d3       67%         1
b - Lesser Beckoning      Tloc           0%         N/A       82%         2
Your spell library was empty.

Inventory:

Hand Weapons
 a - a +1 shortbow (weapon)
Armour
 c - a +2 helmet (worn)
 d - a +0 ring mail (worn)
Jewellery
 b - a +4 ring of slaying (left hand) {mikee}
 g - an amulet of regeneration (around neck)
Scrolls
 e - a scroll of identify
Potions
 f - 2 potions of curing

Dungeon Overview and Level Annotations

Branches:
Dungeon (4/15)
 Temple: D:4-7

Altars:

Shops:
D:4 [


Message History

A black bear is nearby!
2687 ||| DROPPING potion of attraction.
You drop a potion of attraction.
A black bear is nearby!
A black bear is nearby!
Enter note:
Enter note:
Enter note: You shoot an arrow.
The arrow hits the black bear.
The black bear is lightly wounded.
The black bear bites you. The black bear closely misses you. x2
You shoot an arrow. The arrow hits the black bear!
The black bear is moderately wounded.
The black bear bites you. The black bear closely misses you.
The black bear claws you.
You shoot an arrow. The arrow hits the black bear!
The black bear is severely wounded.
The black bear bites you.
The black bear claws you but does no damage. x2
You shoot an arrow. The arrow hits the black bear.
The black bear is severely wounded.
The black bear bites you but does no damage.
The black bear claws you but does no damage.
The black bear closely misses you.
You shoot an arrow. The arrow hits the black bear.
The black bear is almost dead.
The black bear bites you but does no damage.
The black bear claws you but does no damage.
The black bear barely misses you.
The black bear goes berserk!
You shoot an arrow.
The arrow completely misses the black bear.
The black bear bites you. The black bear misses you. The black bear claws you.
The black bear bites you but does no damage.
The black bear claws you. x2
You shoot an arrow. The arrow barely misses the black bear.
The black bear misses you. The black bear barely misses you. x2
The black bear bites you! The black bear claws you. x2
You shoot an arrow. The arrow hits the black bear.
The black bear is almost dead.
The black bear bites you!
You die...

##.............
#......<..#...#..... #
#...........#....#.. ###
##........#...#.....
##.####..............#. .
.....#.......#..#.#......
............###[....#...#
......).....##...#....#..
###..#.###..##..@!..#.
###.######.....h#.#......
....#................#.#.
.##.##.........#...#.....
###..#....<......#....#..
###................#.....
.#...#.......#.#.....#.#.
........#...####.......:?
........###..## ......


You could see a black bear (berserk).

Vanquished Creatures
  A water moccasin skeleton (D:3)
  A hound (D:2)
  Robin (D:3)
  7 adders
  A white imp (D:3)
  An adder skeleton (D:3)
  3 dart slugs
  4 orcs (D:3)
  3 ball pythons
  10 endoplasms
  3 giant cockroaches
  16 goblins
  7 hobgoblins
  6 kobolds
  7 quokkas
  A ball python zombie (D:3)
  3 bats
  5 frilled lizards
  A jackal skeleton (D:3)
  A quokka skeleton (D:3)
  8 rats
90 creatures vanquished.

Notes
Turn   | Place    | Note
-------+----------+-------------------------------------------
     0 | D:1      | qw the Djinni Hunter began the quest for the Orb.
     0 | D:1      | Reached XP level 1. HP: 18/18 MP: 0/0
     0 | D:1      | 0 ||| qw: Version: 0.3-a-136-gdd3b4e8
     0 | D:1      | 0 ||| qw: Game counter: 1205
     0 | D:1      | 0 ||| qw: Melee chars always use a shield: true
     0 | D:1      | 0 ||| qw: God list: Okawaru
     0 | D:1      | 0 ||| qw: Allow faded altars: false
     0 | D:1      | 0 ||| qw: Do Orc after clearing Dungeon:15 true
     0 | D:1      | 0 ||| qw: Do second Lair branch before Depths: true
     0 | D:1      | 0 ||| qw: Lair rune preference: random
     0 | D:1      | 0 ||| qw: Goals: Normal
     0 | D:1      | 0 ||| PLANNING D:1-11
    62 | D:1      | Reached XP level 2. HP: 23/23 MP: 0/0
   287 | D:1      | Reached XP level 3. HP: 28/28 MP: 0/0
   287 | D:1      | Learned a level 1 spell: Freeze
   291 | D:1      | Found a faded altar of an unknown god.
   345 | D:1      | Reached skill level 4 in Ranged Weapons
   742 | D:1      | 742 ||| READING scroll labelled WETRIN NERUASH.
   743 | D:1      | 743 ||| READING scroll labelled VERORPH FESHUJO.
   743 | D:1      | 743 ||| ENCHANTING +0 shortbow.
   744 | D:1      | 744 ||| DROPPING scroll of butterflies.
   981 | D:2      | Reached skill level 3 in Fighting
   981 | D:2      | Reached XP level 4. HP: 26/35 MP: 0/0
  1149 | D:2      | Reached skill level 3 in Dodging
  1312 | D:2      | Reached XP level 5. HP: 40/40 MP: 0/0
  1312 | D:2      | Learned a level 2 spell: Lesser Beckoning
  1548 | D:2      | 1548 ||| UPGRADING to +0 ring mail.
  1558 | D:2      | 1558 ||| DROPPING +0 leather armour.
  1559 | D:2      | 1559 ||| UPGRADING to +4 ring of slaying {mikee}.
  1560 | D:2      | 1560 ||| READING scroll labelled ACVENACSO CAOWEE.
  1718 | D:3      | Reached skill level 1 in Armour
  1955 | D:3      | Noticed Robin
  1966 | D:3      | Killed Robin
  2320 | D:3      | Reached XP level 6. HP: 45/46 MP: 0/0
  2481 | D:3      | Reached skill level 5 in Ranged Weapons
  2524 | D:3      | 2524 ||| UPGRADING to +2 helmet.
  2529 | D:3      | 2529 ||| READING scroll labelled ECVAOF YGH.
  2530 | D:3      | 2530 ||| READING scroll labelled MIEM XISI.
  2531 | D:3      | 2531 ||| READING scroll labelled PEARUQIUGI.
  2536 | D:3      | 2536 ||| READING scroll labelled COTWOMESIG.
  2536 | D:3      | 2536 ||| IDENTIFYING ruby potion
  2589 | D:4      | Found Rairenwo's Antique Armour Shoppe.
  2679 | D:4      | 2679 ||| UPGRADING to amulet of regeneration.
  2683 | D:4      | Noticed a black bear
  2686 | D:4      | 2686 ||| READING 2 scrolls of identify.
  2686 | D:4      | 2686 ||| IDENTIFYING silvery potion
  2687 | D:4      | 2687 ||| DROPPING potion of attraction.
  2695 | D:4      | HP: 6/46 [black bear (6)]
  2696 | D:4      | Slain by a black bear

Levels and vault maps discovered:
D:1:      minmay_arrival_stone_box, layout_basic,
          ebering_ecumenical_altar_petrified, grunt_decor_arrowhead,
          minmay_misc_feat_secret_circle, hangedman_decor_growths
D:2:      layout_loops_ring
D:3:      layout_loops_ring, serial_undead, serial_undead_a, serial_undead_a,
          serial_undead_d, serial_undead_e, serial_undead_c,
          minmay_misc_feat_more_columns, grunt_ministairs_5, uniq_robin
D:4:      layout_cave_pools, mainiacjoe_overflow_boulevard, serial_shops,
          nicolae_take_the_stairs, hangedman_decor_diamond_cutter, st_stairs_11,
          minmay_misc_feat_four_crosses, nicolae_kite_square_tiling_tiny

Skill      XL: |  1  2  3  4  5  6 |
---------------+-------------------+-----
Ranged Weapons | 4 5 |  5.1
Fighting       | 3 |  3.3
Dodging        | 3 |  3.1
Armour         | 1 |  1.0
Stealth        | |  0.7

Action                     |  1- 3 |  4- 6 || total
---------------------------+-------+-------++-------
   Fire: Shortbow          |    76 |   155 ||   231
    Use: Scroll            |     2 |     6 ||     8
 Armour: Leather armour    |    12 |     7 ||    19
         Ring mail         |       |    54 ||    54
  Dodge: Dodged            |    14 |    43 ||    57

Table legend:
 A = Non-vault XP
 B = Vault XP
 C = Vault XP percentage of total XP
 D = Non-vault monster count
 E = Vault monster count
 F = Vault count percentage of total count
                 A         B        C        D         E       F
            +---------+---------+-------+---------+---------+-------
      Total |     250 |     127 |  33.7 |      69 |      21 |  23.3
            +---------+---------+-------+---------+---------+-------
        D:1 |      32 |       0 |   0.0 |      20 |       0 |   0.0
        D:2 |     109 |       0 |   0.0 |      21 |       0 |   0.0
        D:3 |      81 |     127 |  61.1 |      19 |      21 |  52.5
        D:4 |      28 |       0 |   0.0 |       9 |       0 |   0.0
            +---------+---------+-------+---------+---------+-------
